TOP OF THE 1ST |
Springfield Stars batting - Pitching for Chicago Machine : RHP Jorge Hernández
|
Pitching: RHP Jorge Hernández
|
|
Batting: RHB Juan Rodríguez
|
0-0: Foul Ball, location: 2F 0-1: Ball 1-1: Ball 2-1: Ground out 6-3 (Groundball, 6)
|
Batting: RHB Calvin Bennett
|
0-0: Ball 1-0: Called Strike 1-1: Called Strike 1-2: Foul Ball, location: 2F 1-2: Ground out 6-3 (Groundball, 6M)
|
Batting: LHB Derek Davidson
|
0-0: Foul Ball, location: 2F 0-1: Ball 1-1: Foul Ball, location: 2F 1-2: Foul Ball, location: 2F 1-2: Foul Ball, location: 2F 1-2: SINGLE (Line Drive, 56)
|
Batting: LHB Felipe Guerrero
|
0-0: Ball 1-0: Foul Ball, location: 2F 1-1: Foul Ball, location: 2F 1-2: Ball 2-2: Foul Ball, location: 2F 2-2: SINGLE (Groundball, 4M) Derek Davidson to second Runner from 2nd tries for 3rd, SAFE, no throw or cutoff
|
Batting: LHB Elliott Newell
|
0-0: Ball 1-0: Ball 2-0: Foul Ball, location: 2F 2-1: Ball 3-1: Foul Ball, location: 2F 3-2: Foul Ball, location: 2F 3-2: Base on Balls Felipe Guerrero to second
|
Batting: RHB Juan Carlos Rodríguez
|
0-0: Ball 1-0: Fly out, F3 (Popup, 13)
|
Top of the 1st over - 0 run(s), 2 hit(s), 0 error(s), 3 left on base; Springfield 0 - Chicago 0 |
BOTTOM OF THE 1ST |
Chicago Machine batting - Pitching for Springfield Stars : LHP Brock Morris
|
Pitching: LHP Brock Morris
|
|
Batting: RHB Pablo Sandoval
|
0-0: Ball 1-0: Called Strike 1-1: Foul Ball, location: 2F 1-2: Fly out, F8 (Flyball, 8LS)
|
Batting: RHB Derek Ramsey
|
0-0: Ball 1-0: Ball 2-0: Reached on Error, E3 (Popup, 34)
|
Batting: RHB Edward Young
|
0-0: Foul Ball, location: 2F 0-1: Foul Ball, location: 2F 0-2: Ball 1-2: SINGLE (Line Drive, 6MD) Derek Ramsey to second
|
Batting: SHB José Alomar
|
0-0: Swinging Strike 0-1: Ball 1-1: Called Strike 1-2: Ball 2-2: Ball 3-2: SINGLE (Groundball, 56D) Derek Ramsey to third Edward Young to second
|
Batting: RHB Doug Stephens
|
0-0: Called Strike 0-1: Ball 1-1: SINGLE (Line Drive, 6MD) Derek Ramsey scores Edward Young to third José Alomar to second Runner from 3rd tries for Home, SAFE, throw made home
|
Batting: RHB Lorenzo Guzmán
|
0-0: Ball 1-0: Ball 2-0: Ball 3-0: Base on Balls José Alomar to third Doug Stephens to second
|
Batting: RHB Roberto Cardona
|
0-0: Ball 1-0: Ball 2-0: Called Strike 2-1: Called Strike 2-2: Foul Ball, location: 2F 2-2: Strikes out swinging
|
Batting: SHB Jesús Ramírez
|
0-0: Ball 1-0: Ground out 1-3 (Groundball, 13S)
|
Bottom of the 1st over - 2 run(s), 3 hit(s), 1 error(s), 3 left on base; Springfield 0 - Chicago 2 |
TOP OF THE 2ND |
Springfield Stars batting - Pitching for Chicago Machine : RHP Jorge Hernández
|
Batting: SHB Shane Hutchinson
|
0-0: Ball 1-0: SINGLE (Groundball, 34D)
|
Batting: RHB Will Sterling
|
0-0: Swinging Strike Shane Hutchinson is caught stealing 2nd base 0-1: Ball 1-1: Swinging Strike 1-2: Ball 2-2: Ground out 1-3 (Groundball, 13)
|
Batting: LHB Jesús Tobías
|
0-0: Ball 1-0: Ball 2-0: Foul Ball, location: 2F 2-1: Ground out 4-3 (Groundball, 34)
|
Top of the 2nd over - 0 run(s), 1 hit(s), 0 error(s), 0 left on base; Springfield 0 - Chicago 2 |
BOTTOM OF THE 2ND |
Chicago Machine batting - Pitching for Springfield Stars : LHP Brock Morris
|
Batting: SHB Joaquín López
|
0-0: Foul Ball, location: 2F 0-1: Called Strike 0-2: Foul Ball, location: 2F 0-2: DOUBLE (Line Drive, 7LS)
|
Batting: RHB Pablo Sandoval
|
0-0: Ball 1-0: Ball 2-0: Fly out, F8 (Flyball, 8LM)
|
Batting: RHB Derek Ramsey
|
0-0: Ball 1-0: Swinging Strike 1-1: Ball 2-1: Ball 3-1: Base on Balls
|
Batting: RHB Edward Young
|
0-0: Ball 1-0: Foul Ball, location: 2F 1-1: Ball 2-1: Foul Ball, location: 2F 2-2: SINGLE (Groundball, 34D) Joaquín López to third Derek Ramsey to second Runner from 3rd tries for Home, SAFE, throw made home Derek Ramsey to third Edward Young to second
|
Batting: SHB José Alomar
|
0-0: Ball 1-0: Called Strike 1-1: Called Strike 1-2: Strikes out swinging
|
Batting: RHB Doug Stephens
|
0-0: Called Strike 0-1: Ground out 6-3 (Groundball, 6)
|
Bottom of the 2nd over - 1 run(s), 2 hit(s), 0 error(s), 2 left on base; Springfield 0 - Chicago 3 |
TOP OF THE 3RD |
Springfield Stars batting - Pitching for Chicago Machine : RHP Jorge Hernández
|
Batting: RHB Juan Rodríguez
|
0-0: Ball 1-0: Called Strike 1-1: Ball 2-1: SINGLE (Flyball, 9LS)
|
Batting: RHB Calvin Bennett
|
0-0: Ball 1-0: Called Strike 1-1: Called Strike 1-2: Ball 2-2: Ball 3-2: Grounds into double play, 5-4-3 (Groundball, 56)
|
Batting: LHB Derek Davidson
|
0-0: Ball 1-0: Called Strike 1-1: Foul Ball, location: 2F 1-2: Ground out 3-1 (Groundball, 34S)
|
Top of the 3rd over - 0 run(s), 1 hit(s), 0 error(s), 0 left on base; Springfield 0 - Chicago 3 |
BOTTOM OF THE 3RD |
Chicago Machine batting - Pitching for Springfield Stars : LHP Brock Morris
|
Batting: RHB Lorenzo Guzmán
|
0-0: Fly out, F9 (Flyball, 89D)
|
Batting: RHB Roberto Cardona
|
0-0: Ball 1-0: Swinging Strike 1-1: Foul Ball, location: 2F 1-2: Ball 2-2: Strikes out swinging
|
Batting: SHB Jesús Ramírez
|
0-0: Foul Ball, location: 2F 0-1: Foul Ball, location: 2F 0-2: Foul Ball, location: 2F 0-2: Strikes out looking
|
Bottom of the 3rd over - 0 run(s), 0 hit(s), 0 error(s), 0 left on base; Springfield 0 - Chicago 3 |
TOP OF THE 4TH |
Springfield Stars batting - Pitching for Chicago Machine : RHP Jorge Hernández
|
Batting: LHB Felipe Guerrero
|
0-0: Foul Ball, location: 2F 0-1: Ball 1-1: Ball 2-1: Foul Ball, location: 2F 2-2: Ball 3-2: Base on Balls
|
Batting: LHB Elliott Newell
|
0-0: Ball 1-0: Swinging Strike 1-1: Ball 2-1: Ground out 5-3 (Groundball, 5S) Felipe Guerrero to second
|
Batting: RHB Juan Carlos Rodríguez
|
0-0: Ball 1-0: Ground out 6-3 (Groundball, 6) Felipe Guerrero to third
|
Batting: SHB Shane Hutchinson
|
0-0: Foul Ball, location: 2F 0-1: Ground out 3-1 (Groundball, 34)
|
Top of the 4th over - 0 run(s), 0 hit(s), 0 error(s), 1 left on base; Springfield 0 - Chicago 3 |
BOTTOM OF THE 4TH |
Chicago Machine batting - Pitching for Springfield Stars : LHP Brock Morris
|
Batting: SHB Joaquín López
|
0-0: DOUBLE (Line Drive, 9LM)
|
Batting: RHB Pablo Sandoval
|
0-0: Ground out 4-3 (Groundball, 4) Joaquín López to third
|
Batting: RHB Derek Ramsey
|
0-0: Ball 1-0: Ball 2-0: SINGLE (Line Drive, 7LS) Joaquín López scores
|
Batting: RHB Edward Young
|
0-0: Ball 1-0: Ball 2-0: SINGLE (Line Drive, 6M) Derek Ramsey to second Runner from 2nd tries for 3rd, SAFE, throw made to third
|
Batting: SHB José Alomar
|
0-0: Ball 1-0: Ball 2-0: Ball 3-0: Base on Balls Edward Young to second
|
Batting: RHB Doug Stephens
|
0-0: Ball 1-0: Foul Ball, location: 2F 1-1: Ball 2-1: Grounds into double play, 6-4-3 (Groundball, 6)
|
Bottom of the 4th over - 1 run(s), 3 hit(s), 0 error(s), 2 left on base; Springfield 0 - Chicago 4 |
TOP OF THE 5TH |
Springfield Stars batting - Pitching for Chicago Machine : RHP Jorge Hernández
|
Batting: RHB Will Sterling
|
0-0: Called Strike 0-1: Swinging Strike 0-2: SINGLE (Flyball, 9LS)
|
Batting: LHB Jesús Tobías
|
0-0: Ball 1-0: Called Strike 1-1: Foul Ball, location: 2F 1-2: 2-RUN HOME RUN (Line Drive, 9D), Distance : 395 ft
|
Batting: RHB Juan Rodríguez
|
0-0: Called Strike 0-1: Ball 1-1: Foul Ball, location: 2F 1-2: Ball 2-2: Ball 3-2: Foul Ball, location: 2F 3-2: Base on Balls
|
Batting: RHB Calvin Bennett
|
0-0: Foul Ball, location: 2F 0-1: Ball 1-1: Called Strike 1-2: Ball 2-2: Foul Ball, location: 2F 2-2: Ground out U3 (Groundball, 3S) Juan Rodríguez to second
|
Batting: LHB Derek Davidson
|
0-0: Called Strike 0-1: Ball 1-1: Foul Ball, location: 2F 1-2: Ball 2-2: Strikes out swinging
|
Batting: LHB Felipe Guerrero
|
0-0: Foul Ball, location: 2F 0-1: Called Strike 0-2: Strikes out swinging
|
Top of the 5th over - 2 run(s), 2 hit(s), 0 error(s), 1 left on base; Springfield 2 - Chicago 4 |
BOTTOM OF THE 5TH |
Chicago Machine batting - Pitching for Springfield Stars : LHP Brock Morris
|
Batting: RHB Lorenzo Guzmán
|
0-0: Ball 1-0: Ball 2-0: Called Strike 2-1: Called Strike 2-2: Strikes out swinging
|
Batting: RHB Roberto Cardona
|
0-0: Ball 1-0: Ball 2-0: Ball 3-0: Called Strike 3-1: Foul Ball, location: 2F 3-2: SINGLE (Line Drive, 4)
|
Batting: SHB Jesús Ramírez
|
0-0: Ball 1-0: Foul Ball, location: 2F 1-1: Foul Ball, location: 2F 1-2: Ball 2-2: Ball 3-2: Base on Balls Roberto Cardona to second
|
Pitching: RHP Hyo-chin Ch'oe
|
|
Batting: SHB Joaquín López
|
0-0: Called Strike 0-1: Ball 1-1: Fielders Choice at 2nd, 6-4 (Groundball, 6M) Roberto Cardona to third
|
Batting: RHB Pablo Sandoval
|
0-0: Ground out 1-3 (Groundball, 15)
|
Bottom of the 5th over - 0 run(s), 1 hit(s), 0 error(s), 2 left on base; Springfield 2 - Chicago 4 |
TOP OF THE 6TH |
Springfield Stars batting - Pitching for Chicago Machine : RHP Jorge Hernández
|
Pitching: LHP Austin Wall
|
|
Batting: LHB Elliott Newell
|
0-0: SINGLE (Flyball, 78S)
|
Batting: RHB Juan Carlos Rodríguez
|
0-0: Swinging Strike 0-1: Ball 1-1: Foul Ball, location: 2F 1-2: Strikes out swinging
|
Batting: SHB Shane Hutchinson
|
0-0: Swinging Strike 0-1: Ball 1-1: Called Strike 1-2: Ball 2-2: Ball 3-2: Base on Balls Elliott Newell to second
|
Batting: RHB Will Sterling
|
0-0: Ball 1-0: Swinging Strike 1-1: Ball 2-1: Ball 3-1: Swinging Strike 3-2: Strikes out looking Elliott Newell steals 3rd base Batter strikes out. Shane Hutchinson to second
|
Batting: LHB Jesús Tobías
|
0-0: Swinging Strike 0-1: Swinging Strike 0-2: Ball 1-2: Strikes out looking
|
Top of the 6th over - 0 run(s), 1 hit(s), 0 error(s), 2 left on base; Springfield 2 - Chicago 4 |
BOTTOM OF THE 6TH |
Chicago Machine batting - Pitching for Springfield Stars : RHP Hyo-chin Ch'oe
|
Batting: RHB Derek Ramsey
|
0-0: Ball 1-0: Foul Ball, location: 2F 1-1: Ball 2-1: Fly out, F9 (Flyball, 89S)
|
Batting: RHB Edward Young
|
0-0: Ball 1-0: Ball 2-0: SINGLE (Line Drive, 8LS)
|
Batting: SHB José Alomar
|
0-0: Called Strike 0-1: Called Strike 0-2: Grounds into double play, 6-4-3 (Groundball, 6M)
|
Bottom of the 6th over - 0 run(s), 1 hit(s), 0 error(s), 0 left on base; Springfield 2 - Chicago 4 |
TOP OF THE 7TH |
Springfield Stars batting - Pitching for Chicago Machine : LHP Austin Wall
|
Batting: RHB Juan Rodríguez
|
0-0: DOUBLE (Line Drive, 78D)
|
Batting: RHB Calvin Bennett
|
0-0: Ball 1-0: Ground out 6-3 (Groundball, 6)
|
Batting: LHB Derek Davidson
|
0-0: Foul Ball, location: 2F 0-1: Foul Ball, location: 2F 0-2: Ball 1-2: Foul Ball, location: 2F 1-2: Strikes out swinging
|
Batting: LHB Felipe Guerrero
|
0-0: Swinging Strike 0-1: Foul Ball, location: 2F 0-2: Strikes out looking
|
Top of the 7th over - 0 run(s), 1 hit(s), 0 error(s), 1 left on base; Springfield 2 - Chicago 4 |
BOTTOM OF THE 7TH |
Chicago Machine batting - Pitching for Springfield Stars : RHP Hyo-chin Ch'oe
|
Batting: RHB Doug Stephens
|
0-0: Foul Ball, location: 2F 0-1: Ground out 1-3 (Groundball, 25)
|
Pitching: LHP Enrique Muñóz
|
|
Batting: RHB Lorenzo Guzmán
|
0-0: Ground out 4-3 (Groundball, 4M)
|
Batting: RHB Roberto Cardona
|
0-0: Foul Ball, location: 2F 0-1: Ball 1-1: Swinging Strike 1-2: Strikes out swinging
|
Bottom of the 7th over - 0 run(s), 0 hit(s), 0 error(s), 0 left on base; Springfield 2 - Chicago 4 |
TOP OF THE 8TH |
Springfield Stars batting - Pitching for Chicago Machine : LHP Austin Wall
|
Batting: LHB Elliott Newell
|
0-0: Ball 1-0: Ball 2-0: Ground out 6-3 (Groundball, 6M)
|
Pitching: LHP John Lane
|
|
Batting: RHB Juan Carlos Rodríguez
|
0-0: Ball 1-0: Ground out 6-3 (Groundball, 6)
|
Batting: SHB Shane Hutchinson
|
0-0: Ball 1-0: SINGLE (Line Drive, 56D)
|
Pitching: RHP Clint Tancock
|
|
Batting: RHB Will Sterling
|
0-0: Called Strike 0-1: Ball 1-1: Ball 2-1: SINGLE (Line Drive, 6MD) Shane Hutchinson to second
|
Batting: LHB Jesús Tobías
|
0-0: Ground out U3 (Groundball, 3L)
|
Top of the 8th over - 0 run(s), 2 hit(s), 0 error(s), 2 left on base; Springfield 2 - Chicago 4 |
BOTTOM OF THE 8TH |
Chicago Machine batting - Pitching for Springfield Stars : LHP Enrique Muñóz
|
Batting: SHB Jesús Ramírez
|
0-0: Ground out 4-3 (Groundball, 4)
|
Batting: SHB Joaquín López
|
0-0: Ball 1-0: Swinging Strike 1-1: Called Strike 1-2: Ball 2-2: Strikes out looking
|
Batting: RHB Pablo Sandoval
|
0-0: Foul Ball, location: 2F 0-1: Ball 1-1: Swinging Strike 1-2: Strikes out swinging
|
Bottom of the 8th over - 0 run(s), 0 hit(s), 0 error(s), 0 left on base; Springfield 2 - Chicago 4 |
TOP OF THE 9TH |
Springfield Stars batting - Pitching for Chicago Machine : RHP Clint Tancock
|
Pitching: RHP Víctor Reyes
|
|
Batting: RHB Juan Rodríguez
|
0-0: Swinging Strike 0-1: Ball 1-1: Called Strike 1-2: Strikes out swinging
|
Batting: RHB Calvin Bennett
|
0-0: Foul Ball, location: 2F 0-1: Ball 1-1: Foul Ball, location: 2F 1-2: Ball 2-2: Foul Ball, location: 2F 2-2: Ball 3-2: Foul Ball, location: 2F 3-2: Foul Ball, location: 2F 3-2: Ground out 4-3 (Groundball, 4S)
|
Batting: LHB Derek Davidson
|
0-0: Called Strike 0-1: Foul Ball, location: 2F 0-2: Ball 1-2: Ball 2-2: Ground out 4-3 (Groundball, 34)
|
Top of the 9th over - 0 run(s), 0 hit(s), 0 error(s), 0 left on base; Springfield 2 - Chicago 4 |
|